 Dungeon Crawl Stone Soup version 0.30-a0-576-g89cddaab80 (webtiles) character file.

Game seed: 117204461006994768

220 Pooter the Chopper (level 5, -4/48 HPs)
             Began as a Minotaur Monk on Dec 30, 2022.
             Slain by an orc
             ... wielding a +0 falchion
              (8 damage)
             ... on level 5 of the Dungeon.
             The game lasted 00:11:27 (2769 turns).

Pooter the Chopper (Minotaur Monk)                  Turns: 2769, Time: 00:11:27

Health: -4/48      AC:  2    Str: 18    XL:     5   Next: 64%
Magic:  4/4        EV: 12    Int:  7    God:
Gold:   124        SH:  0    Dex: 12    Spells: 4/4 levels left

rFire   . . .      SeeInvis .    a - +0 flail
rCold   . . .      Faith    .    (no shield)
rNeg    . . .      Spirit   .    k - +0 robe
rPois   .          Reflect  .    (helmet restricted)
rElec   .          Harm     .    (no cloak)
rCorr   .          Rampage  .    (no gloves)
Will    .....                    (no boots)
Stlth   ++                       (no amulet)
HPRegen 0.28/turn                (no ring)
MPRegen 0.09/turn                (no ring)

@: no status effects
A: horns 2, retaliatory headbutt
a: no special abilities


You were on level 5 of the Dungeon.
You visited 1 branch of the dungeon, and saw 4 of its levels.

You collected 124 gold pieces.

Inventory:

Hand Weapons
 a - a +0 flail (weapon)
   (You took it off an orc on level 3 of the Dungeon)
 b - a +0 sling
   (You found it on level 2 of the Dungeon)
 m - a +0 hand axe
Missiles
 Q - 22 stones (quivered)
Armour
 k - a +0 robe (worn)
Scrolls
 d - a scroll of blinking {unknown}
 g - a scroll of immolation {unknown}
 i - a scroll of brand weapon {unknown}
Potions
 e - a potion of brilliance {unknown}
 f - a potion of lignification {unknown}
 h - a potion of cancellation
 j - a potion of resistance {unknown}
 l - a potion of heal wounds {unknown}


   Skills:
 + Level 5.0 Fighting
 * Level 6.1 Axes
 * Level 2.5 Ranged Weapons
 - Level 3.2 Dodging
 - Level 1.5 Stealth


You had 4 spell levels left.
You didn't know any spells.
Your spell library contained the following spells:

 Spells                   Type           Power      Damage    Failure   Level
 Summon Small Mammal      Summ           0%         N/A       43%         1
 Call Canine Familiar     Summ           0%         N/A       80%         3
 Dazzling Flash           Conj/Hex       0%         N/A       80%         3
 Summon Guardian Golem    Hex/Summ       0%         N/A       80%         3
 Iskenderun's Mystic Bla  Conj/Tloc      0%         2d3       99%         4
 Starburst                Conj/Fire      0%         6d3       100%        6


Dungeon Overview and Level Annotations

Branches:
Dungeon (3/15)

Altars:
Elyvilon

Shops:
D:2 (

Annotations:
D:5 Edmund


Innate Abilities, Weirdness & Mutations

You have a pair of horns on your head.
You reflexively headbutt those who attack you in melee.


Message History

You closely miss the orc. You headbutt the orc!
You kill the orc!
The orc hits you with a +0 falchion.
You hear some strange, mumbled words.
Something tries to affect you, but you resist.
The orc barely misses you. Something hits you.
You closely miss something. Your headbutt misses something.
You hear some strange, mumbled words.
A puff of flame appears from out of thin air!
The puff of flame hits you.
You're too confused to move!
Something hits you. The orc barely misses you.
You're too confused to move!
You feel less confused. Something hits you. The orc barely misses you.
You closely miss something. Your headbutt misses something.
You hear some strange, mumbled words.
A puff of flame appears from out of thin air!
The puff of flame hits you!
* * * LOW HITPOINT WARNING * * *
The orc barely misses you.
You miss something.
You hear some strange, mumbled words.
A puff of flame appears from out of thin air!
The puff of flame misses you. The orc hits you with a +0 falchion.
* * * LOW HITPOINT WARNING * * *
Unknown command.
Unknown command.
You hit something. The orc hits you with a +0 falchion.
* * * LOW HITPOINT WARNING * * *
Something hits you.
* * * LOW HITPOINT WARNING * * *
You closely miss something. The orc barely misses you. You furiously retaliate!
You headbutt the orc, but do no damage. Something completely misses you.
The orc closely misses you.
You hear some strange, mumbled words.
You are confused.
Your magical effects are unravelling.
You feel magically purged.
You feel less confused. Something hits you.
* * * LOW HITPOINT WARNING * * *
The orc barely misses you.
You barely miss the orc. You headbutt the orc.
Something hits you but does no damage. The orc hits you with a +0 falchion!
You die...

##......# .....#
#.......# ##...##
#..##########.....####
#..#######.#.......#.##
......#.#.............#.
#..##...................
#..####.#....))†.....|#
#... ####.#...{...# ##..
####..o@.## ### ##...##
#.....# ##...## ##.##
... #.## #..


You could see an orc.

Vanquished Creatures
  An ogre (D:5)
  A hound (D:5)
  4 adders
  A worm (D:3)
  A dart slug (D:5)
  5 orcs
  3 bats
  6 endoplasms
  4 goblins
  5 hobgoblins
  8 jackals (D:1)
  6 kobolds
  4 quokkas
  6 ball pythons
  2 frilled lizards (D:2)
  6 rats
63 creatures vanquished.

Notes
Turn   | Place    | Note
-------+----------+-------------------------------------------
     0 | D:1      | Pooter the Minotaur Monk began the quest for the Orb.
     0 | D:1      | Reached XP level 1. HP: 19/19 MP: 0/0
   150 | D:1      | Reached skill level 4 in Axes
   197 | D:1      | Reached XP level 2. HP: 15/27 MP: 1/1
   648 | D:1      | Reached XP level 3. HP: 31/33 MP: 2/2
  1240 | D:1      | Reached skill level 5 in Axes
  1411 | D:2      | Found Syipt's Antique Weapon Shoppe.
  2450 | D:3      | Found a faded altar of an unknown god.
  2457 | D:2      | Reached XP level 4. HP: 37/41 MP: 3/3
  2575 | D:3      | Reached skill level 1 in Ranged Weapons
  2598 | D:3      | You fall into a shaft and drop 2 floors!
  2598 | D:5      | Entered Level 5 of the Dungeon
  2605 | D:5      | Noticed a scorpion
  2644 | D:5      | Noticed Edmund
  2648 | D:5      | Noticed an ogre
  2652 | D:5      | Found a white marble altar of Elyvilon.
  2663 | D:5      | Killed an ogre
  2664 | D:5      | Reached skill level 6 in Axes
  2664 | D:5      | Reached XP level 5. HP: 47/47 MP: 4/4
  2707 | D:5      | Reached skill level 5 in Fighting
  2769 | D:5      | Slain by an orc

Illustrated notes

Levels and vault maps discovered:
D:1:      evilmike_arrival_fibonacci_small, layout_loops_corners,
          dk_noncrumbling_3, dreamdust_princess_corridor
D:2:      layout_basic, serial_shops, shop, chequers_hall_statues_y
D:3:      layout_rooms, basic_ecumenical_altar
D:5:      layout_loops_corners, lemuel_coloured_pillars_altar,
          nicolae_figureground_sparkle, uniq_edmund

Skill      XL: |  1  2  3  4  5 |
---------------+----------------+-----
Axes           | 4 5 6 |  6.1
Fighting       | 4 5 |  5.0
Ranged Weapons | 2 |  2.5
Dodging        | |  3.2
Stealth        | |  1.5

Action                   |  1- 3 |  4- 6 || total
-------------------------+-------+-------++-------
Melee: Hand axe          |   102 |     6 ||   108
       Headbutt          |     8 |     5 ||    13
       Flail             |       |    22 ||    22
 Fire: Sling             |       |    15 ||    15
Throw: Stone             |    21 |       ||    21
  Use: Scroll            |     2 |     1 ||     3
       Potion            |       |     2 ||     2
 Stab: Sleeping          |     8 |       ||     8
Armor: Robe              |    17 |     4 ||    21
Dodge: Dodged            |    54 |    38 ||    92

Table legend: (Time is in decaauts)
 A = Elapsed time spent in this place.
 B = Non-inter-level travel time spent in this place.
 C = Inter-level travel time spent in this place.
 D = Time resting spent in this place.
 E = Time spent auto-exploring this place.
 F = Levels seen in this place.
 G = Mean time per level.
                   A        B        C        D        E       F      G
               +--------+--------+--------+--------+--------+-----+--------+
         Total |   2790 |   2663 |    127 |     42 |   2082 |   4 |  697.5 |
       Dungeon |   2790 |   2663 |    127 |     42 |   2082 |   4 |  697.5 |
               +--------+--------+--------+--------+--------+-----+--------+

Top non-repeatable levels by time:
     D:2: 1250 daAuts
     D:1: 1242 daAuts
     D:5: 175 daAuts
     D:3: 121 daAuts
